 Dungeon Crawl Stone Soup version 0.16-a0-3425-gb4a0a08 (webtiles) character file.

6682 stonewall the Slicer (level 10, -4/73 HPs)
             Began as a Mummy Warper on Dec 31, 2014.
             Was an Initiate of Gozag.
             Slain by a hill giant
             ... wielding a +0 giant club
              (14 damage)
             ... on level 10 of the Dungeon.
             The game lasted 00:19:41 (13312 turns).

stonewall the Slicer (Mummy Warper)                Turns: 13312, Time: 00:19:41

Health: -4/73      AC: 11    Str: 14    XL:     10   Next: 73%
Magic:  16/16      EV:  7    Int: 12    God:    Gozag
Gold:   403        SH: 12    Dex: 14    Spells: 1 memorised, 12 levels left

rFire  . . .     SeeInvis .     b - +1 dagger (venom)
rCold  + + .     Clarity  .     e - +3 leather armour
rNeg   + + +     SustAb   .     g - +0 large shield
rPois  ∞         Gourm    .     B - +2 helmet of Marbles {rPois rC+}
rElec  .         Spirit   .     (no cloak)
rCorr  .         Warding  .     l - +0 pair of gloves
rMut   .         Stasis   .     j - +0 pair of boots
MR     +....                    (no amulet)
Stlth  +.........               (no ring)
                                p - ring of protection from fire

@: somewhat resistant to hostile enchantments, very unstealthy
A: no food or potions, fire vulnerability, restore body, cold resistance 1,
negative energy resistance 3, poison resistance, torment resistance, unbreathing
a: Potion Petition, Call Merchant, Bribe Branch, Renounce Religion


You were on level 10 of the Dungeon.
You worshipped Gozag.
Gozag was noncommittal.
You were not hungry.

You visited 1 branch of the dungeon, and saw 10 of its levels.
You also visited: Ossuary.

You collected 1367 gold pieces.
You spent 391 gold pieces at shops.
You paid 573 gold pieces to Gozag.

Inventory:

Hand weapons
 a - a +5 rapier of speed
 b - a +1 dagger of venom (weapon)
 r - a cursed +1 falchion
Armour
 e - a +3 leather armour (worn)
 g - a +0 large shield (worn)
 h - a cursed +0 leather armour
 j - a +0 pair of boots (worn)
 l - a +0 pair of gloves (worn)
 n - a +0 helmet
 B - the +2 helmet of Marbles (worn) {rPois rC+}
   (You bought it in a shop on level 4 of the Dungeon)

   It protects you from cold.
   It protects you from poison.
Jewellery
 p - a ring of protection from fire (left hand)
 w - a -4 ring of evasion
 y - an uncursed ring of magical power {unknown}
Magical devices
 f - a wand of cold (0)
 i - a wand of polymorph (3)
 x - a wand of digging (9)
 z - a wand of polymorph (19)
 A - a wand of digging (16)
Scrolls
 d - a scroll of noise {unknown}
 k - 2 scrolls of remove curse
 m - a scroll of immolation
 o - 2 scrolls of amnesia
 q - 3 scrolls of fear
 t - a scroll of magic mapping
 u - 10 scrolls of identify
 v - 3 scrolls of teleportation
Books
 c - a book of Spatial Translocations

   Spells                             Type                      Level
   a - Apportation                    Translocation                1
   b - Blink                          Translocation                2
   c - Shroud of Golubria             Charms/Translocation         2
   d - Portal Projectile              Translocation                3
   e - Teleport Other                 Translocation                3
   f - Passage of Golubria            Translocation                4
 s - an Akashic Record {highlevel, unknown}

   This book is beyond your current level of understanding.

   Spells                             Type                      Level
   a - Dispersal                      Translocation                6
   b - Controlled Blink               Translocation                7
   c - Malign Gateway                 Summoning/Translocation      7
   d - Disjunction                    Translocation                8
   e - Singularity                    Translocation                9


   Skills:
 + Level 4.5 Fighting
 - Level 12.6(12.7) Short Blades
 - Level 2.3(8.6) Long Blades
 - Level 0.7 Throwing
 - Level 0.7 Armour
 - Level 1.5 Dodging
 + Level 2.2 Shields
 - Level 2.0 Spellcasting
 - Level 2.4 Translocations


You had 12 spell levels left.
You knew the following spells:

 Your Spells              Type           Power        Failure   Level  Hunger
a - Apportation           Tloc           #.........   100%        1    N/A

Dungeon Overview and Level Annotations

Branches:
Dungeon (10/15)            Temple (0/1) D:6            Lair (0/8) D:8
    Orc: D:9-12

Altars:
Dithmenos
Elyvilon
Fedhas
Gozag
Nemelex Xobeh
Ru
Vehumet
Xom
Zin

Shops:
D:4 [   D:8 [

Annotations:
D:3 yuleCrawler's ghost, average OgFi
D:7 exclusion: downstairs


Innate Abilities, Weirdness & Mutations

You do not eat or drink.
Your flesh is vulnerable to fire.
Your flesh is cold resistant.
You are immune to negative energy.
Your system is resistant to poisons.
You are immune to unholy pain and torment.
You can survive without breathing.


Message History

You hit the hill giant.
The hill giant looks even sicker.
The hill giant is lightly wounded.
You block the hill giant's attack.
You see here a black potion.
You completely miss the hill giant.
The hill giant is lightly wounded.
You hit the hill giant.
The hill giant looks even sicker.
The hill giant is lightly wounded.
The hill giant hits you with a giant club!!
You hit the hill giant.
The hill giant looks even sicker.
The hill giant is heavily wounded.
You hit the hill giant.
The hill giant is heavily wounded.
The hill giant hits you with a giant club!!
* * * LOW HITPOINT WARNING * * *
The hill giant hits you with a giant club!!
* * * LOW HITPOINT WARNING * * *
The hill giant hits you with a giant club!
You die...
Your body crumbles into a pile of gold.

$ +..## %Y# #...###..#
#...##...# #......# #....#
##....#######
##.$....#......
#...##....##################
#..###....#.@.............<#
#.Y.###!..#C################
+...##....#.#########
##......#.#.........#
##....##.#########.#
#######.# #.# #.# #.# #.#
#.# #.#########.#


You could see a hill giant.

Vanquished Creatures
  A death yak (D:8)
  Psyche (D:8)
  6 yaks
  Eustachio (D:6)
  A hungry ghost (D:10)
  A human (D:7)
  Edmund (D:4)
  Menkaure (D:6)
  A water moccasin (D:10)
  A black bear (D:6)
  An ice beast (D:8)
  A yellow wasp (D:9)
  A necrophage (D:6)
  A phantom (D:5)
  6 ogres
  8 centaurs
  Sigmund (D:7)
  Duvessa (D:4)
  A big kobold (D:7)
  Blork the orc (D:8)
  4 giant frogs
  4 water moccasin zombies
  3 killer bees (D:7)
  6 scorpions
  3 crimson imps (D:6)
  5 orc priests
  Dowan (D:4)
  A goliath beetle (D:6)
  3 hounds
  A giant frog skeleton (D:6)
  A centaur skeleton (D:9)
  4 jellies
  3 iguanas
  7 worker ants
  5 orc wizards
  5 sheep
  Ijyb (D:3)
  A big kobold zombie (Ossuary)
  2 mummies (Ossuary)
  3 gnolls (D:2)
  10 adders
  A river rat (D:8)
  A shadow imp (D:7)
  2 giant mites
  3 worms
  12 adder zombies
  2 adder skeletons
  9 giant geckos
  2 oozes
  22 orcs
  14 bats
  3 bat skeletons (D:6)
  4 giant cockroaches
  2 gnoll zombies (Ossuary)
  7 goblins
  5 hobgoblins
  18 jackals
  22 kobolds
  7 quokkas
  A giant gecko skeleton (D:5)
  3 giant newts
  3 hobgoblin zombies (Ossuary)
  5 kobold zombies (Ossuary)
  3 orc zombies (Ossuary)
  14 rats
275 creatures vanquished.

Notes
Turn   | Place    | Note
--------------------------------------------------------------
     0 | D:1      | stonewall, the Mummy Warper, began the quest for the Orb.
     0 | D:1      | Reached XP level 1. HP: 16/16 MP: 3/3
   391 | D:1      | Reached XP level 2. HP: 16/22 MP: 4/4
  1351 | D:2      | Reached skill level 1 in Short Blades
  1495 | D:2      | Reached XP level 3. HP: 22/27 MP: 6/6
  1875 | D:2      | Reached XP level 4. HP: 19/33 MP: 7/7
  2139 | D:2      | Reached skill level 3 in Short Blades
  2603 | D:3      | Noticed Ijyb
  2622 | D:3      | Killed Ijyb
  2622 | D:3      | Reached XP level 5. HP: 27/38 MP: 9/9
  3220 | D:3      | Noticed yuleCrawler's ghost (average OgFi)
  3264 | D:3      | Reached skill level 4 in Short Blades
  3473 | D:4      | Noticed an ogre
  3565 | D:4      | Killed an ogre
  3565 | D:4      | Reached XP level 6. HP: 11/44 MP: 10/10
  3628 | D:4      | Reached skill level 5 in Short Blades
  3974 | D:4      | Noticed Dowan
  3975 | D:4      | Noticed Duvessa
  3992 | D:4      | Killed Dowan
  4097 | D:4      | Found Kaypp's Antique Armour Boutique.
  4229 | D:4      | Noticed Edmund
  4243 | D:4      | Killed Edmund
  4243 | D:4      | Reached skill level 6 in Short Blades
  4243 | D:4      | Reached XP level 7. HP: 46/50 MP: 12/12
  4287 | D:4      | Noticed an ogre
  4443 | D:4      | Killed an ogre
  4803 | D:4      | Killed Duvessa
  4984 | D:5      | Entered Level 5 of the Dungeon
  4990 | D:5      | Found a sparkling altar of Nemelex Xobeh.
  5010 | D:5      | Reached skill level 7 in Short Blades
  5228 | D:5      | Found a sand-covered staircase.
  5247 | Ossuary  | Entered an ossuary
  5324 | Ossuary  | Reached XP level 8. HP: 56/56 MP: 13/13
  5511 | Ossuary  | Reached skill level 8 in Short Blades
  5858 | D:5      | Found a sparkling altar of Nemelex Xobeh.
  5860 | D:5      | Found a radiant altar of Vehumet.
  5866 | D:5      | Found a shimmering altar of Xom.
  5866 | D:5      | Found an opulent altar of Gozag.
  5977 | D:5      | Became a worshipper of Gozag Ym Sagoz the Greedy
  6188 | D:6      | Found a shadowy altar of Dithmenos.
  6249 | D:6      | Reached skill level 9 in Short Blades
  6527 | D:6      | Noticed Menkaure
  6589 | D:6      | Killed Menkaure
  6686 | D:6      | Found a staircase to the Ecumenical Temple.
  6740 | D:6      | Reached XP level 9. HP: 46/61 MP: 14/14
  7234 | D:6      | Noticed Eustachio
  7258 | D:6      | Killed Eustachio
  7258 | D:6      | Reached skill level 10 in Short Blades
  7527 | D:7      | Found a sacrificial altar of Ru.
  7581 | D:7      | Found a white marble altar of Elyvilon.
  8024 | D:7      | Noticed Sigmund
  8043 | D:7      | Killed Sigmund
  8312 | D:7      | Reached skill level 11 in Short Blades
  8981 | D:8      | Noticed a death yak
  9191 | D:8      | Noticed Blork the orc
  9204 | D:8      | Killed Blork the orc
  9690 | D:8      | Found a staircase to the Lair.
  9792 | D:8      | Reached XP level 10. HP: 58/67 MP: 16/16
  9937 | D:8      | Killed a death yak
  9937 | D:8      | Reached skill level 12 in Short Blades
 10308 | D:8      | Found Irghy's Antique Armour Shoppe.
 10502 | D:8      | Found a blossoming altar of Fedhas.
 10503 | D:8      | Found a glowing silver altar of Zin.
 10544 | D:8      | Noticed Psyche
 10564 | D:8      | Killed Psyche
 10927 | D:8      | HP: 2/67 [orc warrior/battleaxe (4)]
 12296 | D:4      | Bought a fine helmet for 275 gold pieces
 12306 | D:4      | Identified the +2 helmet of Marbles {rPois rC+} (You bought it in a shop on level 4 of the Dungeon)
 12306 | D:4      | Bought a runed hat for 116 gold pieces
 12487 | D:10     | Entered Level 10 of the Dungeon
 12650 | D:10     | Noticed a hill giant
 13062 | D:10     | Reached skill level 1 in Shields
 13312 | D:10     | Slain by a hill giant

Action                   |  1- 3 |  4- 6 |  7- 9 | 10-12 || total
-------------------------+-------+-------+-------+-------++-------
Melee: Falchion          |    36 |       |       |       ||    36
       Dagger            |    83 |   217 |   105 |    51 ||   456
       Rapier            |       |       |   628 |   234 ||   862
Throw: Tomahawk          |       |     5 |       |       ||     5
Invok: Potion Petition   |       |       |       |     1 ||     1
Evoke: Wand              |       |       |     4 |       ||     4
  Use: Scroll            |       |     7 |     5 |     1 ||    13
 Stab: Paralysed         |       |       |     1 |       ||     1
       Sleeping          |       |       |     1 |       ||     1
       Distracted        |       |       |       |     1 ||     1
